 Dungeon Crawl Stone Soup version 0.15-a0-1619-g29500c9 (console) character file.

1196 JOKER the Grappler (level 8, -10/64 HPs)
             Began as a Minotaur Monk on June 19, 2014.
             Mangled by a gnoll sergeant
             ... wielding a +2 spear
              (14 damage)
             ... on Level 5 of the Dungeon.
             The game lasted 00:10:03 (2128 turns).

JOKER the Grappler (Minotaur Monk)                  Turns: 2128, Time: 00:10:04

HP -10/64        AC  5     Str 17      XL: 8   Next: 20%
MP   3/3         EV 13     Int  7      God:
Gold 33          SH  0     Dex 14      Spells:  1 memorised,  5 levels left

rFire  . . .     SeeInvis .       - Unarmed
rCold  . . .     Clarity  .     j - +2 robe
rNeg   . . .     rCorr    .     (no shield)
rPois  +         rRot     .     (helmet restricted)
rElec  .         Spirit   .     (no cloak)
SustAb +         Warding  .     s - +0 pair of gloves
rMut   .         Stasis   .     (no boots)
Gourm  .                        (no amulet)
MR     .....                    q - ring of sustain abilities
                                p - ring of poison resistance

@: not resistant to hostile enchantments, unstealthy
A: retaliatory headbutt, horns 2
a: no special abilities


You were on level 5 of the Dungeon.
You were not hungry.

You visited 1 branch of the dungeon, and saw 5 of its levels.
You also visited: Sewer.

You collected 77 gold pieces.
You spent 44 gold pieces at shops.

Inventory:

Hand weapons
 e - a cursed -3 short sword
 i - a +5 dagger of pain
 m - a +0 cutlass of venom
 n - a +2 dagger of venom
 t - a +0 blowgun
 u - a +0 short sword of flaming
 y - a +2 dagger of venom
Missiles
 d - 4 javelins (quivered)
Armour
 j - a +2 robe (worn)
 s - a +0 pair of gloves (worn)
 B - a +0 scale mail of positive energy
 E - a +0 chain mail
Magical devices
 z - a wand of enslavement (10) {unknown}
 D - a wand of fire (3) {unknown}
Comestibles
 b - 3 bread rations
 o - a meat ration
 C - 2 chunks of orc flesh
Scrolls
 g - 4 scrolls of teleportation
 w - a scroll of noise {unknown}
Jewellery
 p - a ring of poison resistance (left hand)
 q - a ring of sustain abilities (right hand)
Potions
 a - 3 potions of agility
 c - 2 potions of lignification
 f - 2 potions of brilliance {unknown}
 h - 5 potions of curing
 k - a potion of restore abilities {unknown}
 r - a potion of invisibility {unknown}
 v - 2 potions of flight {unknown}
 x - 2 potions of might {unknown}
 A - 3 potions of heal wounds
Books
 l - a book of Hinderance

   Spells                             Type                      Level
   *Confusing Touch                   Hexes                        2
   Confuse                            Hexes                        3
   Petrify                            Transmutation/Earth          4
   Leda's Liquefaction                Hexes/Earth                  4
   Metabolic Englaciation             Hexes/Ice                    5
   Summon Mana Viper                  Hexes/Summoning              5


   Skills:
 - Level 3.6 Fighting
 - Level 3.2 Dodging
 - Level 1.5 Stealth
 + Level 11.4 Unarmed Combat


You had 5 spell levels left.
You knew the following spells:

 Your Spells              Type           Power        Failure   Level  Hunger
a - Confusing Touch       Hex            #.....       73%         2    ###....


Dungeon Overview and Level Annotations

Branches:
Dungeon (5/15)
 Temple: D:4-7

Altars:
Fedhas
Kikubaaqudgha
Qazlal
Vehumet

Shops:
D:4 *

Annotations:
D:5 Duvessa


Innate Abilities, Weirdness & Mutations

You reflexively headbutt those who attack you in melee.
You have a pair of horns on your head.


Message History

The gnoll closely misses you.
The gnoll sergeant drinks a potion.
The gnoll sergeant is healed!
You have identified the last healing potion.
A - 3 potions of heal wounds You hit the gnoll sergeant but do no damage.
You headbutt the gnoll sergeant, but do no damage.
The gnoll sergeant blocks your attack.
You punch the gnoll sergeant.
The gnoll sergeant is lightly wounded.
The gnoll sergeant hits you with a spear!
* * * LOW HITPOINT WARNING * * *
The gnoll barely misses you.
You hit the gnoll sergeant but do no damage.
Your headbutt misses the gnoll sergeant.
The gnoll sergeant is lightly wounded.
The gnoll sergeant hits you with a spear!
* * * LOW HITPOINT WARNING * * *
The gnoll hits you from afar with a halberd.
* * * LOW HITPOINT WARNING * * *
The gnoll sergeant hits you from afar with a spear!
You die...

.........................
##.####e.......#########
#........# #.# #
#........# #.# #
###g##.##.####.#####
#g.g................
#g####.##.###).#####
#..###...........#
#..@..S...###..#.#
#.........# #..#.#
#.........# #..#.#
#..###.######..#.# #..#
#...........# #..#
#.######..#.#
#..............#.#
#..###.######.##.# . ###
#.##.#


You could see a gnoll sergeant, a gnoll and an adder.

Vanquished Creatures
  The ghost of WhatIsLove the Archer, an experienced HEHu (Sewer)
  An ice beast (D:5)
  A sky beast (D:5)
  A centaur (D:5)
  2 ogres
  2 big kobolds (Sewer)
  A big fish (D:4)
  An orc wizard (D:5)
  An iguana (D:4)
  A worker ant (D:4)
  Jessica (D:2)
  7 green rats (Sewer)
  A giant mite (D:4)
  10 adders
  2 worms (D:2)
  An adder zombie (D:4)
  An adder skeleton (D:5)
  2 giant geckos
  3 orcs (D:5)
  4 bats
  4 giant cockroaches
  7 goblins
  4 hobgoblins
  2 jackals (D:2)
  21 kobolds
  2 quokkas
  7 ball pythons
  A giant newt (D:4)
  22 rats
114 creatures vanquished.

Notes
Turn   | Place    | Note
--------------------------------------------------------------
     0 | D:1      | JOKER, the Minotaur Monk, began the quest for the Orb.
     0 | D:1      | Reached XP level 1. HP: 19/19 MP: 1/1
   178 | D:2      | Reached skill level 5 in Unarmed Combat
   178 | D:2      | Reached XP level 2. HP: 26/26 MP: 1/1
   194 | D:2      | Noticed Jessica
   201 | D:2      | Killed Jessica
   201 | D:2      | Reached XP level 3. HP: 22/31 MP: 2/2
   295 | D:2      | Found a blossoming altar of Fedhas.
   298 | D:2      | Found a stormy altar of Qazlal.
   332 | D:2      | Reached skill level 6 in Unarmed Combat
   417 | D:3      | Reached XP level 4. HP: 10/39 MP: 2/2
   448 | D:3      | Learned a level 2 spell: Confusing Touch
   858 | D:4      | Found Suicocud's General Store.
   862 | D:4      | Bought a scroll of identify for 22 gold pieces
   862 | D:4      | Bought a potion of lignification for 22 gold pieces
   879 | D:4      | Found an ancient bone altar of Kikubaaqudgha.
   911 | D:4      | HP: 1/39 [worker ant (6)]
   961 | D:4      | Reached XP level 5. HP: 11/45 MP: 2/2
  1009 | D:4      | Reached skill level 7 in Unarmed Combat
  1208 | D:4      | Noticed an ogre
  1213 | D:4      | Killed an ogre
  1255 | D:4      | Reached skill level 8 in Unarmed Combat
  1257 | D:4      | Reached XP level 6. HP: 48/51 MP: 3/3
  1346 | D:4      | Found a glowing drain.
  1378 | Sewer    | Entered a sewer
  1510 | Sewer    | Noticed WhatIsLove's ghost (experienced HEHu)
  1533 | Sewer    | Killed WhatIsLove's ghost
  1533 | Sewer    | Reached skill level 9 in Unarmed Combat
  1533 | Sewer    | Reached XP level 7. HP: 31/57 MP: 3/3
  1657 | Sewer    | Reached skill level 10 in Unarmed Combat
  1890 | D:5      | Entered Level 5 of the Dungeon
  1919 | D:5      | Reached XP level 8. HP: 34/64 MP: 3/3
  1923 | D:5      | Reached skill level 11 in Unarmed Combat
  2049 | D:5      | Found a radiant altar of Vehumet.
  2089 | D:5      | Noticed Duvessa
  2127 | D:5      | HP: 3/64 [gnoll/halberd (5)]
  2128 | D:5      | Mangled by a gnoll sergeant

Action                   |  1- 3 |  4- 6 |  7- 9 || total
-------------------------+-------+-------+-------++-------
Melee: Unarmed           |    60 |   132 |   104 ||   296
Throw: Javelin           |       |       |     4 ||     4
  Use: Scroll            |       |     4 |       ||     4
       Potion            |       |     1 |       ||     1
 Stab: Sleeping          |       |     1 |     1 ||     2
